 Dungeon Crawl Stone Soup version 0.28.0-47-ge53b351184 (webtiles) character file.

Game seed: 17849169287156023281

1 joshe the Grave Robber (level 1, -17/13 HPs)
             Began as a Demonspawn Necromancer on May 9, 2022.
             Killed by an exploding hobgoblin (26 damage)
             ... ignited by their inner flame
             ... on level 1 of the Dungeon.
             The game lasted 00:01:49 (100 turns).

joshe the Grave Robber (Demonspawn Necromancer)      Turns: 100, Time: 00:01:50

Health: -17/13     AC:  3    Str:  8    XL:     1   Next: 16%
Magic:  1/3        EV: 12    Int: 16    God:
Gold:   18         SH:  0    Dex: 13    Spells: 3/4 levels left

rFire   . . .      SeeInvis .   e - +0 short sword
rCold   . . .      Faith    .   (no shield)
rNeg    . . .      Spirit   .   a - +0 robe
rPois   .          Reflect  .   (no helmet)
rElec   .          Harm     .   (no cloak)
rCorr   .          Rampage  .   b - +0 pair of gloves
Will    .....                   (no boots)
Stlth   ++........              (no amulet)
HPRegen 0.04/turn               (no ring)
MPRegen 0.08/turn               (no ring)

@: very slightly contaminated
A: no striking features
a: no special abilities


You were on level 1 of the Dungeon.
You visited 1 branch of the dungeon, and saw 1 of its levels.

You collected 18 gold pieces.

Inventory:

Hand Weapons
 e - a +0 short sword (weapon)
Armour
 a - a +0 robe (worn)
 b - a +0 pair of gloves (worn)
Potions
 c - a potion of flight {unknown}


   Skills:
 + Level 1.8 Dodging
 + Level 1.8 Stealth
 - Level 2.0 Spellcasting
 - Level 4.3 Necromancy


You had 3 spell levels left.
You knew the following spells:

 Your Spells              Type           Power      Damage    Failure   Level
a - Pain                  Necr           60%        1d7       3%          1

Your spell library contained the following spells:

 Spells                   Type           Power      Damage    Failure   Level
 Animate Skeleton         Necr           30%        N/A       3%          1
 Vampiric Draining        Necr           15%        2d7       11%         3
 Animate Dead             Necr           7%         N/A       34%         4
 Agony                    Necr           15%        N/A       67%         5


Dungeon Overview and Level Annotations

Branches:
Dungeon (1/15)

Altars:


Message History

Casting: Pain (safe; 3% risk of failure)
Confirm with . or Enter, or press ? or * to list all spells.
Aiming: Pain (safe; 3% risk of failure)
Press: ? - help, Shift-Dir - straight line, f/p - hobgoblin
Aim: a hobgoblin (moderately wounded, chance to affect: 85%)
The hobgoblin writhes in agony.
A hobgoblin comes into view.
The hobgoblin shouts!
The hobgoblin closely misses you. The giant cockroach closely misses you.
The giant cockroach misses you.
Found a scroll labelled DUCISEUKHLU.
A goblin and an endoplasm come into view.
The goblin shouts!
A bat comes into view.
The giant cockroach closely misses you.
As you read the scroll labelled XUZIEC DAOPRAE, it crumbles to dust.
The creatures around you are filled with an inner flame!
It was a scroll of immolation.
The giant cockroach misses you. The hobgoblin closely misses you.
Casting: Pain (safe; 3% risk of failure)
Confirm with . or Enter, or press ? or * to list all spells.
Okay, then.
Casting: Pain (safe; 3% risk of failure)
Confirm with . or Enter, or press ? or * to list all spells.
Aiming: Pain (safe; 3% risk of failure)
Press: ? - help, Shift-Dir - straight line, f/p - hobgoblin
Aim: a hobgoblin (severely wounded, inner flame, chance to affect: 85%)
You miscast Pain.
You are very lightly contaminated with residual magic.
Nothing appears to happen.
The giant cockroach bites you.
Unknown command.
Unknown command.
You hit the hobgoblin.
The hobgoblin explodes!
The fiery explosion engulfs the goblin!!!
The fiery explosion engulfs the hobgoblin!!
The fiery explosion engulfs you!!
Ouch! That really hurt!
You die...

.. .....###....<..≈≈≈#
.... #.#.##.........≈≈#
....# #...##.........###
.....###..#.............
.......................#
.....................>..
......§§§...............
......§§§.......#.......
......§@B..............>
........##.........##...
........##....###.......
...#.#####....# ###....†
##.?. ......# ###... ..J
###....# #... ...
......# ..?. ..# ...#
.##. . .


You could see an endoplasm (inner flame, asleep) and a giant cockroach (inner
flame).

Vanquished Creatures
  A goblin (D:1)
  2 hobgoblins (D:1)
  A bat (D:1)
  A frilled lizard (D:1)
5 creatures vanquished.

Notes
Turn   | Place    | Note
-------+----------+-------------------------------------------
     0 | D:1      | joshe the Demonspawn Necromancer began the quest for the
                  | Orb.
     0 | D:1      | Reached XP level 1. HP: 13/13 MP: 3/3
   100 | D:1      | Killed by an exploding hobgoblin... ignited by their inner
                  | flame

Illustrated notes

Levels and vault maps discovered:
D:1:      dpeg_arrival_pond, layout_rooms,
          shapermc_ecumenical_altar_mp_ritualfount, hangedman_decor_push,
          columned_hall_lemuel, ebering_dispersal_statue_hall

Action                   || total
-------------------------++-------
Melee: Short sword       ||     1
 Cast: Pain              ||     5
  Use: Scroll            ||     1
Dodge: Dodged            ||     6
